 Dungeon Crawl Stone Soup version 0.17-a0-1572-g7a1422d (webtiles) character file.

206 carl the Insei (level 5, -1/40 HPs)
             Began as a Draconian Transmuter on July 24, 2015.
             Was an Initiate of Cheibriados.
             Slain by a worm (5 damage)
             ... on level 3 of the Dungeon.
             The game lasted 00:07:27 (3249 turns).

carl the Insei (Draconian Transmuter)               Turns: 3249, Time: 00:07:27

Health: -1/40      AC:  5    Str: 15    XL:     5   Next: 53%
Magic:  6/8        EV: 12    Int: 15    God:    Cheibriados [......]
Gold:   185        SH:  0    Dex: 13    Spells: 2 memorised, 4 levels left

rFire  . . .     SeeInvis .       - Unarmed
rCold  . . .     Clarity  +     (armour unavailable)
rNeg   . . .     SustAt   .     (no shield)
rPois  .         Gourm    .     (helmet restricted)
rElec  .         Spirit   .     (no cloak)
rCorr  .         Warding  .     (no gloves)
rMut   .         Stasis   .     (boots currently unavailable)
MR     .....                    u - amulet of clarity
Stlth  +.........               (no ring)
                                t - +2 ring of strength

@: appendage, very slow, not resistant to hostile enchantments, very unstealthy
A: unfitting armour, talons 3, cold-blooded, AC +5
a: End Transformation, Bend Time, Renounce Religion


You were on level 3 of the Dungeon.
You worshipped Cheibriados.
Cheibriados was noncommittal.
You were hungry.
You had grown temporary talons.
You visited 2 branches of the dungeon, and saw 5 of its levels.

You collected 185 gold pieces.

Inventory:

Missiles
 a - 60 arrows
 v - 7 poisoned arrows
Jewellery
 t - a +2 ring of strength (left hand)
 u - an amulet of clarity (around neck)
Scrolls
 e - a scroll of remove curse
 h - 2 scrolls of identify
 m - a scroll of immolation
 x - a scroll of magic mapping {unknown}
 y - a scroll of random uselessness {unknown}
Potions
 d - 2 potions of lignification {unknown}
 f - 2 potions of brilliance
 k - a potion of heal wounds {unknown}
 l - a potion of mutation {unknown}
 o - a potion of haste {unknown}
 q - a potion of cure mutation {unknown}
 s - a potion of flight {unknown}
Books
 b - a book of Changes

   Spells                             Type                      Level
   a - Beastly Appendage              Transmutation                1
   b - Sticks to Snakes               Transmutation                2
   c - Spider Form                    Transmutation/Poison         3
   d - Ice Form                       Ice/Transmutation            4
   e - Blade Hands                    Transmutation                5
 n - a book of Clouds

   Spells                             Type                      Level
   a - Mephitic Cloud                 Conjuration/Poison/Air       3
   b - Conjure Flame                  Conjuration/Fire             3
   c - Poisonous Cloud                Conjuration/Poison/Air       6
   d - Freezing Cloud                 Conjuration/Ice/Air          6
   e - Ring of Flames                 Charms/Fire                  7
Comestibles
 c - 2 bread rations
 g - a royal jelly
 i - 2 meat rations
 j - a beef jerky
 A - a chunk of flesh


   Skills:
 - Level 1.1 Fighting
 - Level 1.7 Dodging
 - Level 5.2 Unarmed Combat
 - Level 2.0 Spellcasting
 + Level 3.1 Transmutations
 + Level 2.2 Poison Magic


You had 4 spell levels left.
You knew the following spells:

 Your Spells              Type           Power        Failure   Level  Hunger
a - Beastly Appendage     Trmt           ##....       8%          1    #......
b - Spider Form           Trmt/Pois      #.........   24%         3    ###....


Dungeon Overview and Level Annotations

Branches:
Dungeon (4/15)             Temple (1/1) D:4

Altars:
Ashenzari
Cheibriados
Dithmenos
Elyvilon
Gozag
Kikubaaqudgha
Makhleb
Okawaru
Ru
Sif Muna
Trog
Xom
Zin


Innate Abilities, Weirdness & Mutations

Your plain brown scales are hard (AC +5).
Your body does not fit into most forms of armour.
You are cold-blooded and may be slowed by cold attacks.
You have claws for feet.


Message History

Your feet morph into talons.
The worm bites you!
* * * LOW HITPOINT WARNING * * *
Casting: Beastly Appendage
Confirm with . or Enter, or press ? or * to list all spells.
You extend your transformation's duration.
You are too injured to fight recklessly!
You are too injured to fight recklessly!
You are too injured to fight recklessly!
You are too injured to fight recklessly!
You hit the worm. Your kick misses the worm.
The worm is moderately wounded.
The worm bites you.
* * * LOW HITPOINT WARNING * * *
You hit the worm.
The worm is moderately wounded.
You punch the worm!
The worm is severely wounded.
The worm bites you.
You die...

# # ### # ############ #..
#########..........############..
...............w@................
#########..........##.########...
..# #############.# #... ###
#....# #.# #.## ##########....#
#.# #.#
..............#######.########.#
#.............##.............#.#
#.(...........##.####.######.#.#
..(.....)........#....<..# #.#.##


You could see a worm.

Vanquished Creatures
  A hound (D:4)
  2 worker ants (D:4)
  2 adders (D:2)
  2 gnolls (D:4)
  An ooze (D:3)
  2 worms (D:3)
  5 giant geckos
  2 orcs
  3 giant cockroaches
  6 goblins
  8 hobgoblins
  10 jackals
  5 kobolds
  2 quokkas (D:3)
  A ball python (D:2)
  9 bats
  3 giant newts
  8 rats
72 creatures vanquished.

Notes
Turn   | Place    | Note
--------------------------------------------------------------
     0 | D:1      | carl the Draconian Transmuter began the quest for the Orb.
     0 | D:1      | Reached XP level 1. HP: 16/16 MP: 3/3
    85 | D:1      | Reached XP level 2. HP: 11/23 MP: 3/5
   608 | D:1      | Reached skill level 4 in Unarmed Combat
   856 | D:2      | Reached XP level 3. HP: 15/28 MP: 4/6
  1085 | D:2      | Learned a level 3 spell: Spider Form
  1692 | D:3      | Found a bloodstained altar of Trog.
  1997 | D:3      | Reached XP level 4. HP: 33/35 MP: 5/7
  2018 | D:3      | Reached skill level 5 in Unarmed Combat
  2613 | D:4      | Reached skill level 1 in Poison Magic
  2703 | D:4      | Reached XP level 5. HP: 32/40 MP: 6/8
  2746 | D:4      | HP: 2/40 [poisoned by a worker ant]
  3092 | D:4      | Found a staircase to the Ecumenical Temple.
  3110 | Temple   | Entered the Ecumenical Temple
  3114 | Temple   | Became a worshipper of Cheibriados the Contemplative
  3249 | D:3      | Slain by a worm

Vault maps used:
D:1:      dpeg_arrival_yet_another_circle
D:3:      old_standard_altar, roderic_nine_men_s_morris
D:4:      minmay_temple_entry_mist, first_bread, hangedman_decor_lopped
Temple:   minmay_freezing_vapour_temple_12

Action                   |  1- 3 |  4- 6 || total
-------------------------+-------+-------++-------
Melee: Unarmed           |   172 |   115 ||   287
 Cast: Beastly Appendage |    14 |    17 ||    31
       Spider Form       |       |     1 ||     1
  Use: Potion            |     2 |     1 ||     3
       Scroll            |       |     5 ||     5
 Stab: Sleeping          |     2 |       ||     2
       Distracted        |     1 |       ||     1
  Eat: Chunk             |     3 |     5 ||     8
